 Dungeon Crawl Stone Soup version 0.27.1-34-g3ba077fa99 (webtiles) character file.

Game seed: 5225110810720641322

2241 zeram the Unseen (level 9, -4/54 HPs)
             Began as an Octopode Brigand on Jan 20, 2022.
             Was an Initiate of Gozag.
             Killed from afar by an electric eel (9 damage)
             ... with a bolt of electricity
             ... on level 6 of the Dungeon.
             The game lasted 00:09:05 (7068 turns).

zeram the Unseen (Octopode Brigand)                 Turns: 7068, Time: 00:09:06

Health: -4/54      AC:  8    Str: 10    XL:     9   Next: 36%
Magic:  9/9        EV: 12    Int: 17    God:    Gozag
Gold:   280        SH:  5    Dex: 13    Spells: 8/8 levels left

rFire    . . .     SeeInvis .   j - +0 dagger (protect)
rCold    . . .     Faith    .   (no shield)
rNeg     . . .     Spirit   .   (helmet restricted)
rPois    .         Reflect  +   d - amulet of reflection
rElec    .         Harm     .   (no ring)
rCorr    .         Rampage  .   (no ring)
Will     .....                  (no ring)
Stlth    ++++++++..             (no ring)
HPRegen  0.18/turn              (no ring)
MPRegen  0.11/turn              (no ring)
                                (no ring)
                                (no ring)

@: under a protective aura
A: almost no armour, amphibious, 8 rings, camouflage 1, gelatinous body 1,
nimble swimmer 1, tentacles
a: Renounce Religion, Potion Petition, Call Merchant, Bribe Branch


You were on level 6 of the Dungeon.
You worshipped Gozag.
Gozag was aware of your devotion.
You visited 2 branches of the dungeon, and saw 8 of its levels.

You collected 443 gold pieces.
You paid 163 gold pieces to Gozag.

Inventory:

Hand Weapons
 a - a +2 dagger
 j - a +0 dagger of protection (weapon)
Missiles
 b - 27 poisoned darts (quivered)
 c - 2 curare-tipped darts
Jewellery
 d - an amulet of reflection (around mantle)
Wands
 g - a wand of paralysis (8)
 h - a wand of flame (23)
 p - a wand of digging (6)
Scrolls
 e - a scroll of teleportation
 f - 3 scrolls of magic mapping
 k - 2 scrolls of identify
 l - 2 scrolls of amnesia
Potions
 n - 4 potions of degeneration
 r - 4 potions of flight


   Skills:
 - Level 2.0 Fighting
 - Level 2.0 Short Blades
 - Level 2.0 Throwing
 - Level 1.0 Dodging
 + Level 16.1 Stealth
 + Level 3.2 Shields


You had 8 spell levels left.
You didn't know any spells.
Your spell library contained the following spells:

 Spells                   Type           Power      Damage    Failure   Level
 Blink                    Tloc           N/A        N/A       34%         2
 Ozocubu's Armour         Ice            0%         N/A       56%         3
 Manifold Assault         Tloc           0%         N/A       100%        5
 Metabolic Englaciation   Hex/Ice        0%         N/A       100%        5
 Simulacrum               Ice/Necr       0%         N/A       100%        6
 Storm Form               Tmut/Air       0%         N/A       100%        7


Dungeon Overview and Level Annotations

Branches:
Dungeon (7/15)             Temple (1/1) D:7

Altars:
Ashenzari
Cheibriados
Dithmenos
Fedhas
Gozag
Hepliaklqana
Kikubaaqudgha
Makhleb
Nemelex Xobeh
Okawaru
Qazlal
Ru
Sif Muna
Trog
Uskayaw
Vehumet
Wu Jian
Xom
Yredelemnul
Zin
The Shining One


Innate Abilities, Weirdness & Mutations

You cannot wear most types of armour.
You are amphibious.
You can wear up to eight rings at the same time.
Your skin changes colour to match your surroundings (Stealth+).
Your rubbery body absorbs attacks. (AC +1, EV +1)
You are camouflaged near water. (Stealth+)
You have tentacles for arms and can constrict up to eight enemies at once.


Message History

An electric eel is nearby!
An electric eel is nearby!
The electric eel shoots out a bolt of lightning at you!
The bolt of electricity hits you!
The electric eel shoots out a bolt of lightning at you!
The bolt of electricity hits you!
You hit the electric eel.
Your weapon exudes an aura of protection.
Your grab misses the electric eel. Your squeeze misses the electric eel.
The electric eel is moderately wounded.
You barely miss the electric eel. Your grab misses the electric eel.
Your squeeze misses the electric eel.
The electric eel is moderately wounded.
The electric eel shoots out a bolt of lightning at you!
The bolt of electricity hits you!
Okay, then.
You closely miss the electric eel. Your grab misses the electric eel.
The electric eel is moderately wounded.
You hit the electric eel but do no damage.
Your grab misses the electric eel.
The electric eel is moderately wounded.
You closely miss the electric eel. Your grab misses the electric eel.
The electric eel is moderately wounded.
The electric eel shoots out a bolt of lightning at you!
The bolt of electricity hits you!
* * * LOW HITPOINT WARNING * * *
You hit the electric eel. Your grab misses the electric eel.
The electric eel is moderately wounded.
You hit the electric eel but do no damage.
Your grab misses the electric eel. You squeeze the electric eel.
The electric eel is heavily wounded.
The electric eel shoots out a bolt of lightning at you!
The bolt of electricity misses you.
You hit the electric eel. Your grab misses the electric eel.
Your squeeze misses the electric eel.
The electric eel is severely wounded.
The electric eel shoots out a bolt of lightning at you!
The bolt of electricity hits you!
You die...
Your body crumbles into a pile of gold.

##≈≈≈≈#####≈≈≈≈≈≈≈≈
##≈≈≈≈≈# #########
#≈≈≈≈≈≈# ##≈≈≈≈≈≈#
#≈≈≈≈≈≈≈## ##≈≈≈≈≈≈≈≈#
#≈≈≈≈≈≈≈≈≈# #≈≈≈≈≈≈≈≈≈#
#≈≈≈≈@≈≈≈##
#≈≈≈≈≈≈;≈≈#$$$
#≈≈≈≈≈≈≈≈≈#$$$
#≈≈≈≈≈≈≈≈≈#$$$#########
#≈≈≈≈≈≈≈≈≈#####≈≈≈≈≈≈≈≈
#≈≈≈≈≈≈≈≈≈≈≈≈≈≈≈≈≈≈≈≈≈≈
#≈≈≈≈≈≈≈≈≈≈≈≈≈≈≈≈≈≈≈≈≈≈
#≈..≈≈≈.≈≈.≈.;≈..≈≈..≈≈
.................


You could see an electric eel.

Vanquished Creatures
  Grinder (D:6)
  Prince Ribbit (D:5)
  A wyvern (D:5)
  Sigmund (D:5)
  A sky beast (D:7)
  3 ice beasts
  2 ogres
  A kobold brigand (D:6)
  A wyvern zombie (D:7)
  3 scorpions
  6 electric eels (D:6)
  A centaur zombie (D:7)
  A bullfrog zombie (D:7)
  2 jellies
  2 hounds (D:5)
  A centaur skeleton (D:6)
  Jessica (D:3)
  2 iguanas (D:5)
  An orc wizard (D:5)
  A scorpion zombie (D:5)
  3 hound skeletons
  Robin (D:3)
  A howler monkey skeleton (D:5)
  3 adders
  A shadow imp (D:5)
  An adder skeleton (D:4)
  13 orcs
  5 endoplasms
  2 giant cockroaches
  6 hobgoblins
  2 quokkas
  9 ball pythons
  2 bats
  A frilled lizard (D:1)
  14 goblins
  9 kobolds
  5 rats
111 creatures vanquished.

Notes
Turn   | Place    | Note
-------+----------+-------------------------------------------
     0 | D:1      | zeram the Octopode Brigand began the quest for the Orb.
     0 | D:1      | Reached XP level 1. HP: 14/14 MP: 1/1
   291 | D:1      | Reached skill level 6 in Stealth
   291 | D:1      | Reached XP level 2. HP: 19/19 MP: 2/2
  1329 | D:2      | Reached XP level 3. HP: 21/24 MP: 3/3
  1423 | D:2      | Reached skill level 7 in Stealth
  1873 | D:3      | Noticed Robin
  2043 | D:3      | Reached XP level 4. HP: 28/29 MP: 4/4
  2048 | D:3      | Killed Robin
  2184 | D:3      | Noticed Jessica
  2192 | D:3      | Killed Jessica
  2193 | D:3      | Reached skill level 8 in Stealth
  2470 | D:3      | Reached XP level 5. HP: 34/34 MP: 5/5
  2946 | D:4      | Found a sparkling altar of Nemelex Xobeh.
  3012 | D:4      | Reached skill level 9 in Stealth
  3619 | D:5      | Entered Level 5 of the Dungeon
  3619 | D:5      | Noticed a wyvern
  3619 | D:5      | Found a glowing golden altar of the Shining One.
  3624 | D:5      | Killed a wyvern
  3625 | D:5      | Reached skill level 10 in Stealth
  3625 | D:5      | Reached skill level 1 in Shields
  3625 | D:5      | Reached XP level 6. HP: 39/39 MP: 6/6
  3896 | D:5      | Noticed Prince Ribbit
  3917 | D:5      | Killed Prince Ribbit
  3918 | D:5      | Reached skill level 11 in Stealth
  3918 | D:5      | Reached XP level 7. HP: 7/45 MP: 7/7
  4193 | D:5      | Found a faded altar of an unknown god.
  4193 | D:5      | Found a shadowy altar of Dithmenos.
  4201 | D:5      | Found a burning altar of Makhleb.
  4203 | D:5      | Found a faded altar of an unknown god.
  4205 | D:5      | Found a blossoming altar of Fedhas.
  4291 | D:5      | Reached skill level 12 in Stealth
  4502 | D:5      | Reached XP level 8. HP: 50/50 MP: 8/8
  4565 | D:5      | Noticed Sigmund
  4572 | D:5      | Killed Sigmund
  4573 | D:5      | Reached skill level 13 in Stealth
  5217 | D:6      | Noticed Grinder
  5219 | D:6      | Paralysed by Grinder for 6 turns
  5400 | D:6      | Paralysed by Grinder for 5 turns
  5416 | D:6      | Killed Grinder
  5417 | D:6      | Reached skill level 14 in Stealth
  6083 | D:7      | Reached skill level 15 in Stealth
  6083 | D:7      | Reached XP level 9. HP: 54/54 MP: 9/9
  6311 | D:7      | Found a glowing silver altar of Zin.
  6337 | D:7      | Found an iron altar of Okawaru.
  6548 | D:7      | Found a staircase to the Ecumenical Temple.
  6670 | Temple   | Entered the Ecumenical Temple
  6764 | Temple   | Became a worshipper of Gozag Ym Sagoz the Greedy
  6865 | D:6      | Reached skill level 16 in Stealth
  7068 | D:6      | Killed from afar by an electric eel

Illustrated notes

Levels and vault maps discovered:
D:1:      lightli_arrival_maybe_door_vault, layout_basic
D:2:      layout_basic
D:3:      layout_basic, uniq_robin, uniq_jessica
D:4:      layout_basic, mainiacjoe_overflow_boulevard
D:5:      layout_loops_ring, lemuel_crystal_altar,
          chequers_temple_overflow_minitemple, uniq_sigmund, uniq_prince_ribbit1
D:6:      minmay_goblin_kobold_castle, layout_basic, serial_shops,
          nicolae_shop_trees, kennysheep_generic_room_8, uniq_edmund,
          uniq_grinder
D:7:      layout_loops_ring, okawaru_metal_pillars_1_2, zin_academy,
          minmay_temple_entry_trees, minmay_misc_feat_doors
Temple:   jpeg_temple_clearing

Skill      XL: |  1  2  3  4  5  6  7  8  9 |
---------------+----------------------------+-----
Stealth        | 6 7 8 10 11 12 15 16 | 16.1
Shields        | 1 2 3 |  3.2
Fighting       | |  2.0
Short Blades   | |  2.0
Throwing       | |  2.0
Dodging        | |  1.0

Action                   |  1- 3 |  4- 6 |  7- 9 || total
-------------------------+-------+-------+-------++-------
Melee: Dagger            |    56 |    73 |   144 ||   273
       Constrict         |    11 |    14 |    17 ||    42
       Tentacles         |     5 |    15 |    21 ||    41
Evoke: Wand              |       |       |     2 ||     2
  Use: Scroll            |     2 |     8 |     1 ||    11
       Potion            |       |     1 |     9 ||    10
 Stab: Sleeping          |    18 |    13 |    25 ||    56
       Paralysed         |       |       |     1 ||     1
Armor: Skin              |     4 |    10 |    27 ||    41
Dodge: Dodged            |    20 |    22 |    56 ||    98
Block: Other             |     4 |     8 |    25 ||    37
       Reflection        |       |       |     1 ||     1
